 Dungeon Crawl Stone Soup version 0.24.1-14-gf8d2b509d9 (webtiles) character file.

Game seed: 5244506316393997839, levelgen mode: deterministic

328 Jumperg the Sneak (level 6, -2/41 HPs)
             Began as a Formicid Earth Elementalist on June 9, 2020.
             Was a Follower of Ashenzari.
             Killed by divine providence
             ... invoked by an orc priest
              (8 damage)
             ... on level 4 of the Dungeon on June 10, 2020.
             The game lasted 01:14:33 (4201 turns).

Jumperg the Sneak (Formicid Earth Elementalist)     Turns: 4201, Time: 01:14:33

Health: -2/41      AC:  7    Str: 13    XL:     6   Next: 80%
Magic:  11/12      EV: 11    Int: 16    God:    Ashenzari [*.....]
Gold:   206        SH:  0    Dex: 11    Spells: 9/13 levels left

rFire    . . .     SeeInvis +   m - +0 spear
rCold    . . .     Gourm    .   (no shield)
rNeg     + . .     Faith    +   u - +0 leather armour
rPois    .         Spirit   .   (helmet unavailable)
rElec    .         Reflect  .   (no cloak)
rCorr    .         Harm     .   a - +0 pair of gloves
MR       .....                  o - +0 pair of boots
Stlth    ++........             n - amulet of faith (curse)
HPRegen  0.13/turn              h - ring of positive energy
MPRegen  0.13/turn              B - +2 ring of protection (curse)

@: very slightly contaminated
A: permanent stasis, dig shafts and tunnels, four strong arms, antennae 3
a: Dig, Shaft Self, Curse Item, Scrying, Renounce Religion


You were on level 4 of the Dungeon.
You worshipped Ashenzari.
Ashenzari was aware of your devotion.
You were not hungry.

You visited 1 branch of the dungeon, and saw 4 of its levels.

You collected 206 gold pieces.

Inventory:

Hand Weapons
 g - a +0 whip
 m - a +0 spear (weapon)
 s - a +0 short sword
 w - a +0 battleaxe
 D - a +0 hunting sling
Missiles
 b - 88 stones
 j - 9 poisoned darts (quivered)
 q - 41 bolts
Armour
 a - a +0 pair of gloves (worn)
 o - a +0 pair of boots (worn)
 u - a +0 leather armour (worn)
 F - a +2 chain mail of fire resistance
Jewellery
 h - a ring of positive energy (left hand)
 n - a cursed amulet of faith (around neck)
 B - a cursed +2 ring of protection (right hand)
Wands
 G - a wand of random effects (15)
Scrolls
 c - 2 scrolls of remove curse
 e - a scroll of immolation {unknown}
 f - a scroll of teleportation {unknown}
 i - 3 scrolls of enchant armour {unknown}
 k - a scroll of enchant weapon {unknown}
 x - 2 scrolls of fear {unknown}
 y - 2 scrolls of amnesia {unknown}
 C - 3 scrolls of identify {unknown}
Potions
 l - a potion of resistance {unknown}
 p - 2 potions of heal wounds {unknown}
 r - a potion of ambrosia {unknown}
 t - 2 potions of agility {unknown}
 v - 2 potions of cancellation {unknown}
 A - 2 potions of curing {unknown}
 E - a potion of haste {unknown}
Comestibles
 d - 4 rations
 z - 4 chunks of flesh


   Skills:
 - Level 1.7 Dodging
 - Level 5.1 Stealth
 - Level 4.2 Spellcasting
 + Level 2.1 Conjurations
   Level 1.1 Transmutations
 - Level 5.0 Earth Magic


You had 9 spell levels left.
You knew the following spells:

 Your Spells              Type           Power        Failure   Level  Hunger
a - Sandblast             Erth           ###...       2%          1    None
b - Stone Arrow           Conj/Erth      ##....       14%         3    ###....

Your spell library contained the following spells:

 Spells                   Type           Power        Failure   Level  Hunger
 Passwall                 Tmut/Erth      ##......     9%          2    ##.....
 Petrify                  Tmut/Erth      ##......     52%         4    ####...
 Lee's Rapid Deconstruct  Erth           ###.......   58%         5    ######.


Dungeon Overview and Level Annotations

Branches:
Dungeon (4/15)
 Temple: D:4-7

Altars:
Ashenzari
Elyvilon
Kikubaaqudgha
Trog

Annotations:
D:2 1 runed translucent door, Crazy Yiuf


Innate Abilities, Weirdness & Mutations

You cannot be hasted, slowed, berserked, paralysed or teleported.
You can dig through walls and to a lower floor.
Your four strong arms can wield two-handed weapons with a shield.
You have a pair of large antennae on your head. (SInv)


Message History

Aim: an orc priest, wielding a +0 club You miscast Stone Arrow.
You are very lightly contaminated with residual magic.
The floor vibrates.
The orc shouts!
The orc priest mumbles some strange prayers to Beogh against you.
Beogh smites you!
The orc priest looks encouraged for a moment.
Things that are here:
a +0 short sword; a +0 leather armour; an orc corpse The orc priest mumbles some strange prayers to Beogh against you.
Beogh smites you!
The orc priest miscasts a cantrip.
The orc priest calls down the wrath of Beogh upon you.
Beogh smites you!
* * * LOW HITPOINT WARNING * * *
Some of the chunks of flesh in your inventory have rotted away.
The orc priest invokes the aid of Beogh against you.
Beogh smites you!
You die...

#.# #.........# #.#
####.#####...#
##.###.##.# #...#
#......##.# #####
######.##.# #.##.#
#.##.# #.##.# #.##@#
#.##.# #.##.# #.##.#
### #.##.# #.. #.##.#
#..
#.##o##############..
#.##.o.....o....)..o.
##.#################..


You could see an orc priest and an orc.

Vanquished Creatures
  A hound (D:4)
  An orc priest (D:3)
  3 orc wizards (D:4)
  3 gnolls (D:4)
  5 adders
  An ooze (D:3)
  2 adder skeletons (D:4)
  A worm (D:2)
  5 leopard geckos
  16 orcs
  A ball python (D:4)
  7 bats
  2 bat zombies (D:3)
  3 giant cockroaches
  4 goblins
  8 hobgoblins
  3 jackals (D:4)
  A quokka (D:2)
  2 frilled lizards
  5 kobolds
  10 rats
84 creatures vanquished.

Notes
Turn   | Place    | Note
-------+----------+-------------------------------------------
     0 | D:1      | Jumperg the Formicid Earth Elementalist began the quest for
                  | the Orb.
     0 | D:1      | Reached XP level 1. HP: 13/13 MP: 3/3
   485 | D:1      | Reached XP level 2. HP: 18/19 MP: 3/5
  1152 | D:2      | Reached XP level 3. HP: 24/24 MP: 1/6
  1181 | D:2      | Found a white marble altar of Elyvilon.
  1181 | D:2      | Found a shattered altar of Ashenzari.
  1187 | D:2      | Became a worshipper of Ashenzari the Shackled
  1399 | D:2      | Reached XP level 4. HP: 29/30 MP: 6/8
  1826 | D:2      | Found a faded altar of an unknown god.
  1933 | D:2      | Found a runed translucent door.
  1934 | D:2      | Noticed Crazy Yiuf
  2016 | D:3      | Reached skill level 5 in Earth Magic
  2513 | D:3      | Reached XP level 5. HP: 35/35 MP: 7/9
  2817 | D:3      | Found an ancient bone altar of Kikubaaqudgha.
  2928 | D:3      | Reached * piety under Ashenzari
  2997 | D:3      | Found a bloodstained altar of Trog.
  3505 | D:4      | Reached XP level 6. HP: 22/41 MP: 7/12
  3593 | D:4      | Learned a level 3 spell: Stone Arrow
  3749 | D:4      | Reached skill level 5 in Stealth
  3755 | D:4      | Reached skill level 1 in Conjurations
  4201 | D:4      | Killed from afar by an orc priest

Levels and vault maps discovered:
D:1:      elethiomel_arrival_infinity_welcomes_careful_drivers,
          layout_loops_cross
D:2:      layout_basic, gammafunk_temple_overflow_statue,
          chequers_ecumenical_altar_lobes, uniq_crazy_yiuf_cottage
D:3:      layout_basic, lemuel_zombie_altar_kikubaaqudgha, bloody_trog,
          serial_forest, infiniplex_forest_clump_C,
          infiniplex_forest_lined_corner, infiniplex_forest_straight_4,
          infiniplex_forest_lined_corner, infiniplex_forest_end_2,
          infiniplex_forest_clump_C, infiniplex_forest_clump_diagonal
D:4:      layout_basic, uniq_grinder

Skill      XL: |  1  2  3  4  5  6 |
---------------+-------------------+-----
Earth Magic    | 4 5 |  5.0
Stealth        | 3 4 5 |  5.1
Spellcasting   | 3 4 |  4.2
Conjurations   | 2 |  2.1
Dodging        | |  1.7
Transmutations | |  1.1

Action                   |  1- 3 |  4- 6 || total
-------------------------+-------+-------++-------
Melee: Whip              |    18 |       ||    18
       Unarmed           |     5 |       ||     5
       Spear             |    43 |   194 ||   237
Throw: Stone             |     8 |     3 ||    11
       Dart              |    18 |    68 ||    86
 Cast: Sandblast         |    13 |    46 ||    59
       Stone Arrow       |       |     2 ||     2
Invok: Curse Item        |     1 |     1 ||     2
 Abil: Dig               |       |     4 ||     4
 Stab: Sleeping          |     1 |     3 ||     4
       Distracted        |     1 |     1 ||     2
  Eat: Chunk             |     2 |    10 ||    12
Armor: Robe              |    10 |       ||    10
       Leather armour    |     7 |    78 ||    85
Dodge: Dodged            |    26 |   110 ||   136
